Map: Triton LE

Players

Ratl

  • Race: Zerg Zerg
  • Spawn Location: 11:00

VOD

Have the link to the VOD?

Description

Time

  • Played on: Oct. 28, 2019, 1:36 p.m.
  • Length: 35:27
Show
View Real Time Build Order
Export as new Build Order

Ratl Zerg 

Build Orders:  

Get SALT Encoding   

  12  0:10  Drone  
  13  0:24  Overlord  
  13  0:28  Drone  
  14  0:47  Overlord  
  14  1:28  Drone x3  
  17  2:06  Extractor  
  16  2:15  Drone x2  
  18  2:57  Drone x3  
  21  3:31  Extractor  
  20  3:46  Spawning Pool  
  19  3:54  Overlord  
  19  3:56  Overlord  
  19  3:57  Drone  
  20  5:06  Zergling x2  
  20  5:07  Zergling x4  
  23  5:30  Queen  
  25  5:44  Drone x2  
  27  7:08  Zergling x2  
  27  7:09  Zergling x4  
  30  7:46  Metabolic Boost  
  29  8:56  Zergling x4  
  29  8:57  Zergling x4  
  25  9:53  Zergling x2  
  25  9:54  Zergling x4  
  28  10:32  Hatchery  
  27  11:12  Drone  
  27  11:13  Drone x2  
  30  11:39  Evolution Chamber  
  29  12:19  Evolution Chamber  
  28  12:54  Roach Warren  
  27  13:07  Baneling Nest  
  26  13:34  Queen  
  26  13:38  Drone  
  26  13:39  Drone x2  
  31  14:10  Zergling x6  
  31  14:11  Zergling x4  
  36  15:08  Zergling x6  
  39  15:27  Drone x3  
  41  15:52  Pneumatized Carapace  
  41  15:57  Drone x2  
  41  15:58  Drone  
  38  16:03  Lair  
  36  16:41  Roach x2  
  36  16:42  Roach  
  42  17:13  Hydralisk Den  
  41  17:27  Infestation Pit  
  40  17:34  Spire  
  39  17:46  Zergling x2  
  39  17:47  Zergling x4  
  42  18:00  Overlord x5  
  42  18:01  Overlord  
  42  18:28  Hydralisk x2  
  42  18:29  Hydralisk  
  48  18:53  Infestor  
  48  18:54  Infestor  
  52  19:37  Drone  
  52  19:38  Drone, Overlord  
  52  19:39  Overlord x2  
  54  20:10  Mutalisk x3  
  54  20:11  Mutalisk  
  54  20:18  Overseer  
  62  20:20  Overseer  
  62  20:21  Overseer x4  
  62  20:31  Overseer x2  
  62  20:32  Overseer  
  62  20:41  Pathogen Glands  
  62  20:50  Zerg Flyer Weapons Level 1  
  62  20:54  Zerg Melee Weapons Level 1  
  127  21:00  Centrifical Hooks  
  62  21:05  Glial Reconstitution  
  62  21:18  Zergling x2  
  62  21:19  Zergling x10  
  68  21:36  Drone x5  
  73  21:51  Extractor  
  73  21:52  Hive  
  73  21:55  Extractor  
  71  22:01  Neural Parasite  
  62  22:26  Unknown  
  60  22:55  Tunneling Claws  
  60  23:30  Zerg Flyer Armor Level 1  
  60  23:34  Zerg Missile Weapons Level 1  
  60  23:39  Hydralisk  
  62  23:40  Hydralisk x5  
  62  23:48  Zergling x6  
  75  24:06  Unknown  
  75  24:51  Hatchery  
  74  25:07  Hatchery  
  73  26:14  Zerg Ground Armor Level 1  
  59  26:55  Overlord x3  
  59  26:56  Overlord x3  
  57  27:09  Mutalisk x2  
  57  27:10  Mutalisk x4  
  45  28:52  Drone x2  
  45  28:53  Drone  
  48  29:15  Queen  
  50  29:27  Mutalisk x3  
  50  29:28  Mutalisk x3  
  62  29:37  Zergling x6  
  62  29:38  Zergling x10  
  68  30:53  Zergling x10  
  73  31:11  Zergling x2  
  73  31:12  Zergling x4  
  38  32:52  Drone x3  
  38  32:58  Zergling x6  
  42  33:01  Extractor x2  
  40  33:17  Roach x3  
  40  33:18  Roach x2  
  47  33:50  Roach x2  
  47  33:52  Zergling x8  
  47  33:53  Zergling x4  
  47  33:58  Mutalisk  
  46  34:12  Queen  
  46  34:14  Zergling x4  
  46  34:15  Zergling x2  
  50  34:22  Roach  
  50  34:26  Zergling x4  
  50  34:27  Zergling x2  
  44  34:41  Viper  
  44  34:49  Drone x2  
Tags
 
Matchup
Co-op
Add a new tag
Caveats
  • Supply blocks, unpowered buildings, or Contaminate may cause inaccurate times.
  • Supply counts are checked every 10 seconds.